 Dungeon Crawl Stone Soup version 0.16.2-2-g470672f (webtiles) character file.

35 monobi the Sneak (level 3, -3/27 HPs)
             Began as a Demonspawn Assassin on Sept 4, 2015.
             Slain by Sigmund
             ... wielding a +0 scythe
              (11 damage)
             ... on level 2 of the Dungeon.
             The game lasted 00:02:22 (1407 turns).

monobi the Sneak (Demonspawn Assassin)              Turns: 1407, Time: 00:02:22

Health: -3/27      AC:  3    Str: 11    XL:     3   Next: 17%
Magic:  3/3        EV: 12    Int: 12    God:
Gold:   21         SH:  0    Dex: 15    Spells: 0 memorised, 2 levels left

rFire  . . .     SeeInvis .     a - +2 dagger
rCold  . . .     Clarity  .     c - +0 robe
rNeg   . . .     SustAb   .     (no shield)
rPois  .         Gourm    .     (helmet restricted)
rElec  .         Spirit   .     d - +0 cloak
rCorr  .         Warding  .     (no gloves)
rMut   .         Stasis   .     (no boots)
MR     .....                    n - amulet of regeneration
Stlth  +.........               (no ring)
                                (no ring)

@: confused, not resistant to hostile enchantments, very unstealthy
A: claws 1, horns 1
a: no special abilities


You were on level 2 of the Dungeon.
You were not hungry.

You visited 1 branch of the dungeon, and saw 2 of its levels.

You collected 21 gold pieces.

Inventory:

Hand weapons
 a - a +2 dagger (weapon)
 b - a +0 blowgun
Missiles
 e - 8 poisoned needles
 f - 2 curare-tipped needles
Armour
 c - a +0 robe (worn)
 d - a +0 cloak (worn)
Jewellery
 k - an uncursed amulet of rage
 n - an amulet of regeneration (around neck)
Scrolls
 h - 3 scrolls of identify {unknown}
 j - 2 scrolls of fog {unknown}
 l - a scroll of random uselessness {unknown}
 o - a scroll of immolation {unknown}
 q - a scroll of recharging {unknown}
 s - a scroll of fear {unknown}
Potions
 i - 2 potions of restore abilities {unknown}
 m - a potion of brilliance {unknown}
 t - a potion of agility {unknown}
Comestibles
 g - 2 bread rations
 r - 4 fruits


   Skills:
 - Level 2.0 Fighting
 + Level 1.8 Short Blades
 - Level 1.7 Throwing
 + Level 1.6 Dodging
 * Level 4.4 Stealth


You had 2 spell levels left.
You didn't know any spells.

Dungeon Overview and Level Annotations

Branches:
Dungeon (2/15)

Altars:

Annotations:
D:2 Sigmund


Innate Abilities, Weirdness & Mutations

You have sharp fingernails.
You have a pair of small horns on your head.


Message History

Sigmund is moderately wounded.
Sigmund casts a spell at you.
You are confused.
You are too confused!
You are too confused!
You are too confused!
You bump into the rock wall.
Sigmund misses you.
You barely miss Sigmund.
Sigmund is moderately wounded.
You bump into the rock wall.
Sigmund hits you with a scythe!
You see here 3 stones.
Sigmund casts a spell at you.
You are more confused.
You bump into the rock wall.
Sigmund hits you with a scythe!
* * * LOW HITPOINT WARNING * * *
You bump into the rock wall.
Sigmund misses you.
You miss Sigmund. Your headbutt misses Sigmund.
Sigmund is moderately wounded.
You bump into the rock wall.
Sigmund hits you with a scythe!
You die...

#.#####.#.#.##.#####.####.......
##.#.....#.#.#### #.##.....##..
.#.#.#####.#.########.##.#####
.#.........#.....##....#.#
...#.#####.#####.##.#..#.#
##.#.#########.#.##.####.#
#.#.#.......#...##......#
#.#.#.#####.#.###...(...#
#.#.#.#.....#<(@@.(.....#
##.....#.###...###.......#
.....###.# #.#.# #.......#
.....###.# #.### #.......#
####.....# #.# #...)...# #
####### #.. #.......# # [..
..........# # ### #.#.........
#K#..........


You could see Sigmund.

Vanquished Creatures
  3 giant geckos
  4 bats
  2 giant cockroaches (D:1)
  5 goblins
  6 hobgoblins (D:1)
  A ball python (D:1)
  2 giant newts (D:1)
  5 kobolds
  A rat (D:2)
29 creatures vanquished.

Notes
Turn   | Place    | Note
--------------------------------------------------------------
     0 | D:1      | monobi, the Demonspawn Assassin, began the quest for the Orb.
     0 | D:1      | Reached XP level 1. HP: 16/16 MP: 1/1
    37 | D:1      | Reached skill level 1 in Dodging
   336 | D:1      | Gained mutation: You have sharp fingernails. [demonic ancestry]
   336 | D:1      | Reached XP level 2. HP: 8/22 MP: 2/2
   347 | D:1      | Reached skill level 4 in Stealth
  1000 | D:1      | Gained mutation: You have a pair of small horns on your head. [demonic ancestry]
  1000 | D:1      | Reached XP level 3. HP: 27/27 MP: 3/3
  1192 | D:2      | Noticed Sigmund
  1407 | D:2      | Slain by Sigmund

Action                   || total
-------------------------++-------
Melee: Dagger            ||   118
 Stab: Sleeping          ||     3
  Eat: Meat ration       ||     1
